 Dungeon Crawl Stone Soup version 0.24-a0-102-g7635c99 (webtiles) character file.

Game seed: 4543426470889678166

79 galech the Skirmisher (level 4, 14/35 HPs)
             Began as a Demonspawn Fighter on Feb 12, 2019.
             Quit the game on level 3 of the Dungeon.
             The game lasted 00:01:37 (1573 turns).

galech the Skirmisher (Demonspawn Fighter)          Turns: 1573, Time: 00:01:38

Health: 14/35      AC:  8    Str: 19    XL:     4   Next: 17%
Magic:  4/4        EV:  7    Int:  9    God:
Gold:   135        SH:  9    Dex: 13    Spells: 3/3 levels left

rFire    . . .     SeeInvis .   a - +0 war axe
rCold    . . .     Gourm    .   c - +0 shield
rNeg     . . .     Faith    .   b - +0 scale mail
rPois    .         Spirit   .   (no helmet)
rElec    .         Reflect  .   (no cloak)
rCorr    .         Harm     .   m - +0 pair of gloves {archery}
MR       .....                  (no boots)
Stlth    +.........             (no amulet)
HPRegen  0.11/turn              j - +2 ring of strength
MPRegen  0.09/turn              (no ring)

@: quite poisoned (14 -> 6)
A: claws 1, nightstalker 1
a: no special abilities


You were on level 3 of the Dungeon.
You were not hungry.

You visited 1 branch of the dungeon, and saw 3 of its levels.

You collected 135 gold pieces.

Inventory:

Hand Weapons
 a - a +0 war axe (weapon)
Armour
 b - a +0 scale mail (worn)
 c - a +0 shield (worn)
 m - a +0 pair of gloves of archery (worn)
Jewellery
 j - a +2 ring of strength (left hand)
Scrolls
 e - 3 scrolls of identify {unknown}
 g - a scroll of blinking {unknown}
 h - 2 scrolls of teleportation {unknown}
 i - a scroll of amnesia {unknown}
 k - a scroll of remove curse {unknown}
 l - a scroll of random uselessness {unknown}
Potions
 d - 2 potions of might
Comestibles
 f - 3 rations
 n - 3 chunks of flesh


   Skills:
 + Level 3.3 Fighting
 + Level 2.5 Axes
 + Level 3.2 Armour
 + Level 0.5 Dodging
 + Level 3.3 Shields


You had 3 spell levels left.
You didn't know any spells.
Your spell library was empty.

Dungeon Overview and Level Annotations

Branches:
Dungeon (3/15)

Altars:
Ashenzari
Nemelex Xobeh


Innate Abilities, Weirdness & Mutations

You have sharp fingernails.
You are slightly more attuned to the shadows.


Message History

You are too injured to fight recklessly!
You are too injured to fight recklessly!
You are too injured to fight recklessly!
You are too injured to fight recklessly!
You are too injured to fight recklessly!
You are too injured to fight recklessly!
You hit the worker ant.
You kill the worker ant!
You have reached level 4!
You feel stronger.
Your demonic ancestry asserts itself...
You slip into the darkness of the dungeon.
You feel sick.
You feel sick.
You see here a worker ant corpse.
You butcher the worker ant corpse.
n - 3 chunks of flesh You feel sick.
Are you sure you want to abandon this character and quit the game? (Confirm with "yes".)
Okay, then.
Are you sure you want to abandon this character and quit the game? (Confirm with "yes".)

.........# ..
.......#.###.
#.....##..
#....#.<##.#
(...# ##.##.#
##. #.##.#
#....# #
#.#?.##.###
#.#..@....#
#.#.......#
#.#.......#
#.#.......#
#.#.#<....#
.......####
......# ...
..#


There were no monsters in sight!

Vanquished Creatures
  A worker ant (D:3)
  An adder (D:2)
  A worm (D:2)
  A dart slug (D:2)
  2 leopard geckos (D:1)
  6 bats (D:1)
  2 giant cockroaches (D:1)
  6 goblins
  2 hobgoblins (D:1)
  6 jackals
  A frilled lizard (D:1)
  6 kobolds
  A leopard gecko skeleton (D:2)
  3 rats
39 creatures vanquished.

Notes
Turn   | Place    | Note
-------+----------+-------------------------------------------
     0 | D:1      | galech the Demonspawn Fighter began the quest for the Orb.
     0 | D:1      | Reached XP level 1. HP: 18/18 MP: 1/1
    55 | D:1      | Found a shattered altar of Ashenzari.
    70 | D:1      | Gained mutation: You have sharp fingernails. [demonic
                  | ancestry]
    70 | D:1      | Reached XP level 2. HP: 14/24 MP: 2/2
   437 | D:1      | Reached XP level 3. HP: 24/29 MP: 3/3
   862 | D:2      | Found a sparkling altar of Nemelex Xobeh.
  1569 | D:3      | Gained mutation: You are slightly more attuned to the
                  | shadows. [demonic ancestry]
  1569 | D:3      | Reached XP level 4. HP: 17/35 MP: 4/4
  1573 | D:3      | Quit the game

Levels and vault maps discovered:
D:1:      dpeg_arrival_arbitrary_c, layout_basic, evilmike_ruin_ashenzari
D:2:      layout_rooms, serial_co_window_serial, co_window_paths_b,
          co_window_paths_b, co_window_paths_b, co_window_corner_a,
          co_window_paths_a, co_window_corner_a, co_window_paths_b,
          co_window_of_opportunity_a, co_window_corner_a, co_window_cross_4,
          co_window_of_opportunity_b, co_window_unsneaky_path_a,
          co_window_paths_c, co_window_2corner, first_ration,
          nemelex_lonely_heart_becter
D:3:      layout_rooms, okawaru_metal_pillars_1_2,
          nicolae_overflow_crystal_walls, uniq_jessica, uniq_robin

Skill      XL: |  1  2  3 |
---------------+----------+-----
Axes           | 2 |  2.5
Shields        | 3 |  3.3
Armour         | 3 |  3.2
Fighting       | |  3.3
Dodging        | |  0.5

Action                   |  1- 3 |  4- 6 || total
-------------------------+-------+-------++-------
Melee: War axe           |   112 |       ||   112
  Eat: Ration            |     1 |       ||     1
Armor: Scale mail        |    74 |       ||    74
Dodge: Dodged            |    37 |       ||    37
Block: Shield            |    78 |       ||    78

Table legend:
 A = Non-vault XP
 B = Vault XP
 C = Vault XP percentage of total XP
 D = Non-vault monster count
 E = Vault monster count
 F = Vault count percentage of total count
                 A         B        C        D         E       F
            +---------+---------+-------+---------+---------+-------
      Total |     114 |       0 |   0.0 |      39 |       0 |   0.0
            +---------+---------+-------+---------+---------+-------
        D:1 |      44 |       0 |   0.0 |      26 |       0 |   0.0
        D:2 |      37 |       0 |   0.0 |      12 |       0 |   0.0
        D:3 |      33 |       0 |   0.0 |       1 |       0 |   0.0
            +---------+---------+-------+---------+---------+-------
